 Seeded DCSS version 0.29.1-12-g30fa7ad0bf (webtiles) character file.

Game seed: 1 (custom seed)

232240 Kazon the Victor of a Thousand Battles (level 18, 0/117 HPs)
             Began as a Demonspawn Gladiator on Dec 15, 2022.
             Was the Champion of Okawaru.
             Slain by a profane servitor
             ... wielding a +3 demon whip of freezing
              (3 damage)
             ... on level 4 of the Abyss on Dec 16, 2022.
             The game lasted 03:40:09 (28371 turns).

Kazon the Victor of a Thousand Battles (DsGl)      Turns: 28371, Time: 03:40:09

Health: 0/117      AC: 15    Str: 14      XL:     18   Next: 81%
Magic:  29/29      EV: 15    Int:  9 (11) God:    Okawaru [******]
Gold:   4080       SH: 11    Dex: 14 (16) Spells: 17/17 levels left

rFire   + + +      SeeInvis +   f - +6 Maxwell's thermic engine {flame, freeze}
rCold   + + .      Faith    .   c - +0 kite shield {reflect}
rNeg    + + +      Spirit   .   F - +0 troll leather armour "Wobboah" {-Cast rElec rF+ rC++ Regen+}
rPois   +          Reflect  +   U - +1 hat "Vomyel" {Fly rN+ Int+2}
rElec   +          Harm     .   g - +1 cloak of Magh {+Blink Regen+ Dex-3 SInv}
rCorr   +          Rampage  .   Q - +1 pair of gloves {Dex+3}
Will    +....      NoCast   +   m - +2 pair of boots
Stlth   +++++.....              Y - amulet "Odemouw" {Contam rPois rF+++ Regen+ Stlth+}
HPRegen 0.00/turn               A - ring of positive energy
MPRegen 0.21/turn               V - ring of positive energy

@: flying, inhibited regen, wreathed by umbra, studying Evocations, unable to
read, unable to drink
A: claws 2, yellow scales 3, powered by death 2, spiny 2, (teleportitis 1),
inability to read after injury 1, [deformed body], [dopey 2], [frail 2], [low MP
1], [screaming 2], [inhibited regeneration], [weak 2], [no potion heal 2],
[subdued magic 2], inability to drink after injury 1[+1]
}: 1/15 runes: gossamer
a: Renounce Religion, Evoke Blink, Heroism, Finesse, Duel


You were on level 4 of the Abyss.
You worshipped Okawaru.
Okawaru was exalted by your worship.
You visited 6 branches of the dungeon, and saw 30 of its levels.
You visited the Abyss 2 times.
You also visited: Gauntlet.

You collected 5157 gold pieces.
You spent 1077 gold pieces at shops.

Inventory:

Hand Weapons
 a - the +11 long sword of the Salmon {flame, Int+4}
   (Okawaru gifted it to you in a Gauntlet)

   It burns those it strikes, dealing additional fire damage.
   Big, fiery blades are also staple armaments of hydra-hunters.
   Int:       It affects your intelligence (+4).
 e - a +2 vampiric rapier
 f - the +6 Maxwell's thermic engine (weapon) {flame, freeze}
   (You found it on level 1 of the Lair of Beasts)

   It burns those it strikes, dealing additional fire damage.
   Big, fiery blades are also staple armaments of hydra-hunters.
   It freezes those it strikes, dealing additional cold damage.
   It can also slow down cold-blooded creatures.
   It becomes more effective when it hits something.
   This effect fades over time.
 s - the +3 falchion of Winter {venom, rCorr}
   (You bought it in a shop on level 3 of the Dungeon)

   It poisons the flesh of those it strikes.
   rCorr:     It protects you from acid and corrosion.
Missiles
 d - 2 throwing nets
 i - an atropa-tipped dart
 k - 2 silver javelins
 q - 22 javelins
 y - 39 boomerangs
 B - 11 curare-tipped darts
 G - 7 datura-tipped darts
 N - 2 silver boomerangs (quivered)
Armour
 c - a +0 kite shield of reflection (worn)
 g - the +1 cloak of Magh (worn) {+Blink Regen+ Dex-3 SInv}
   (You acquired it on level 1 of the Dungeon)

   Dex:       It affects your dexterity (-3).
   SInv:      It lets you see invisible.
   +Blink:    It lets you blink.
   Regen:     It increases your rate of health regeneration.
 m - a +2 pair of boots (worn)
 w - the +2 scale mail of Untold Secrets {Int+4}
   (Okawaru gifted it to you on level 4 of the Abyss)

   Int:       It affects your intelligence (+4).
 F - the +0 troll leather armour "Wobboah" (worn) {-Cast rElec rF+ rC++ Regen+}
   (Okawaru gifted it to you on level 1 of the Lair of Beasts)

   rF:        It protects you from fire.
   rC:        It greatly protects you from cold.
   rElec:     It insulates you from electricity.
   -Cast:     It prevents spellcasting.
   Regen:     It increases your rate of health regeneration.
 Q - a +1 pair of gloves of dexterity (worn)
 U - the +1 hat "Vomyel" (worn) {Fly rN+ Int+2}
   (Okawaru gifted it to you on level 4 of the Lair of Beasts)

   Int:       It affects your intelligence (+2).
   rN:        It protects you from negative energy.
   Fly:       It grants you flight.
Jewellery
 n - a ring of protection from cold
 A - a ring of positive energy (left hand)
 V - a ring of positive energy (right hand)
 Y - the amulet "Odemouw" (around neck) {Contam rPois rF+++ Regen+ Stlth+}
   (You bought it in a shop on level 8 of the Dungeon)

   [amulet of regeneration]

   rF:        It renders you almost immune to fire.
   rPois:     It protects you from poison.
   Contam:    It causes magical contamination when unequipped.
   Regen:     It increases your rate of health regeneration.
   Stlth:     It makes you more stealthy.
Wands
 z - a wand of mindburst (30)
 D - a wand of flame (25)
 J - a wand of paralysis (29)
 M - a wand of roots (19)
 S - a wand of polymorph (7)
Scrolls
 j - 2 scrolls of magic mapping
 l - a scroll of blinking
 p - 2 scrolls of poison
 r - 5 scrolls of fog
 x - 3 scrolls of immolation
 L - 3 scrolls of fear
 X - 2 scrolls of silence
 Z - 9 scrolls of teleportation
Potions
 b - 4 potions of berserk rage
 h - 6 potions of haste
 o - 2 potions of resistance
 t - a potion of invisibility
 u - 7 potions of ambrosia
 v - 11 potions of lignification
 C - 3 potions of cancellation
 H - 9 potions of curing
 I - 4 potions of might
 R - 5 potions of heal wounds
Miscellaneous
 E - a phial of floods
 P - a condenser vane
 T - a lightning rod (4/4)
 W - a tin of tremorstones (2/2)


   Skills:
 * Level 14.3 Fighting
 + Level 3.9(10.2) Short Blades
 + Level 14.5(14.7) Long Blades
 + Level 9.1 Throwing
 + Level 5.7 Armour
 + Level 10.8 Dodging
 + Level 8.0 Stealth
 + Level 10.3 Shields
 * Level 20.7 Invocations
 * Level 15.8 Evocations


You had 17 spell levels left.
You didn't know any spells.
Your spell library contained the following spells:

 Spells                   Type           Power      Damage    Failure   Level
 Apportation              Tloc           0%         N/A       65%         1
 Magic Dart               Conj           0%         1d3       65%         1
 Necrotise                Necr           0%         1d4       65%         1
 Sandblast                Erth           0%         2d4       65%         1
 Sting                    Tmut/Pois      0%         1d3       65%         1
 Poisonous Vapours        Pois/Air       0%         N/A       80%         2
 Scorch                   Fire           0%         2d5       80%         2
 Dazzling Flash           Conj/Hex       0%         N/A       95%         3
 Mephitic Cloud           Conj/Pois/Air  0%         N/A       95%         3
 Ozocubu's Armour         Ice            0%         N/A       95%         3
 Flame Wave               Conj/Fire      0%         2d4       100%        4
 Iskenderun's Mystic Bla  Conj/Tloc      0%         2d3       100%        4
 Leda's Liquefaction      Hex/Erth       0%         N/A       100%        4
 Olgreb's Toxic Radiance  Pois           0%         N/A       100%        4
 Alistair's Intoxication  Tmut/Pois      0%         N/A       100%        5
 Blade Hands              Tmut           0%         N/A       100%        5
 Fireball                 Conj/Fire      0%         3d3       100%        5
 Iskenderun's Battlesphe  Conj           0%         2d6       100%        5
 Metabolic Englaciation   Hex/Ice        0%         N/A       100%        5
 Conjure Ball Lightning   Conj/Air       0%         3x3d6     100%        6
 Eringya's Noxious Bog    Tmut/Pois      0%         N/A       100%        6
 Iron Shot                Conj/Erth      0%         9d1       100%        6
 Starburst                Conj/Fire      0%         6d3       100%        6
 Statue Form              Tmut/Erth      0%         N/A       100%        6
 Orb of Destruction       Conj           0%         9d5       100%        7
 Ozocubu's Refrigeration  Ice            0%         4d7       100%        7
 Lehudib's Crystal Spear  Conj/Erth      0%         10d2      100%        8
 Summon Small Mammal      Summ           Unusable   N/A       N/A         1
 Call Imp                 Summ           Unusable   N/A       N/A         2
 Animate Armour           Summ/Erth      Unusable   N/A       N/A         4
 Summon Forest            Summ/Tloc      Unusable   N/A       N/A         5
 Simulacrum               Ice/Necr       Unusable   N/A       N/A         6
 Summon Cactus Giant      Summ           Unusable   N/A       N/A         6
 Summon Hydra             Summ           Unusable   N/A       N/A         7

Dungeon Overview and Level Annotations

Branches:
Dungeon (15/15)            Temple (1/1) D:7            Lair (5/5) D:10
 Shoals (0/4) Lair:3       Spider (4/4) Lair:3        Slime (0/5) Lair:4
    Orc (2/2) D:12            Elf (3/3) Orc:2        Vaults (0/5) D:13
 Depths (0/4) D:15        Gauntlet (visited)

Altars:
Ashenzari
Dithmenos
Gozag
Hepliaklqana
Kikubaaqudgha
Makhleb
Nemelex Xobeh
Okawaru
Uskayaw
Xom
Jiyva

Shops:
D:3 (   D:8 ?(==   D:10 :   D:13 !   Orc:2 ([*=   Elf:2 [?!?

Annotations:
D:14 3 runed translucent doors, Foerhozi's ghost, journeyman DgAr
Elf:2 2 transporters, hilljack's ghost, adept MiFi
Elf:3 Louise


Innate Abilities, Weirdness & Mutations

You have very sharp fingernails.
You are completely covered in yellow scales. (AC +4, rCorr)
You regenerate health from kills.
You are mostly covered in sharp spines.
((You are occasionally teleported next to monsters.))
You occasionally lose the ability to read scrolls when taking damage.
[Armour fits poorly on your strangely shaped body.]
[You are very dopey. (Int -4)]
[You are very frail. (-20% HP)]
[Your magical capacity is low. (-10% MP)]
[You frequently scream uncontrollably at your foes.]
[You do not regenerate when monsters are visible.]
[You are very weak. (Str -4)]
[Potions cannot restore your health.]
[Your spells are easier to cast, but less powerful.]
[You sometimes lose the ability to drink potions when taking damage.]


Message History

You hit the profane servitor but do no damage.
The profane servitor is moderately damaged.
You block the profane servitor's attack. x2
You closely miss the profane servitor.
The profane servitor is moderately damaged.
You block the profane servitor's attack. x2
You slice the profane servitor!! You burn the profane servitor.
The profane servitor is heavily damaged.
You block the profane servitor's attack.
The profane servitor hits you with a +3 demon whip of freezing!
You miss the profane servitor.
The profane servitor is heavily damaged.
You feel like a meek peon again.
The profane servitor is struck by your spines.
The profane servitor closely misses you.
The profane servitor hits you but does no damage.
You slice the profane servitor!! You burn the profane servitor.
You freeze the profane servitor.
The profane servitor is severely damaged.
The profane servitor is struck by your spines.
The profane servitor hits you with a +3 demon whip of freezing!!
You feel threatened and lose the ability to read scrolls!
You feel threatened and lose the ability to drink potions!
* * * LOW HITPOINT WARNING * * *
The profane servitor freezes you.
* * * LOW HITPOINT WARNING * * *
The profane servitor closely misses you.
A lurking horror comes into view.
The profane servitor hits you with a +3 demon whip of freezing!!
* * * LOW HITPOINT WARNING * * *
The profane servitor freezes you.
* * * LOW HITPOINT WARNING * * *
The profane servitor hits you with a +3 demon whip of freezing!
* * * LOW HITPOINT WARNING * * *
The profane servitor freezes you.
* * * LOW HITPOINT WARNING * * *
Unknown command.
The profane servitor closely misses you.
The profane servitor hits you with a +3 demon whip of freezing.
You die...

... # ##. ...
. # ..## ##..
.#. . .
...###.###
#....*#.#.##
#.#..#..#...##
#.....##..# .
#..#A#††#†.##
# ##@#...#. #
#.##......# #
#.. ..#... ..
.. . ..
###..#.. .#..
# #. #..##
..#.. .#. ..
#.. ##.# #...#
##. . .. .# ##
#. . ..#.# # #
*.. # # .


You could see a profane servitor.

Vanquished Creatures
  Mara (Spider:4)
  Nikola (Elf:2)
  Asterion (Elf:3)
  Rupert (D:12)
  Donald (Orc:1)
  Roxanne (D:15)
  Agnes (Elf:1)
  6 emperor scorpions
  The ghost of Tang the Severer, a journeyman PaFi of Uskayaw (Orc:2)
  4 ghost moths
  An orc warlord (Orc:2)
  3 broodmothers
  A deep elf demonologist (Elf:1)
  Nessos (D:12)
  4 spark wasps
  Snorg (D:14)
  A minotaur (Gauntlet)
  A dire elephant (D:15)
  Azrael (D:13)
  3 entropy weavers
  A fire dragon (D:13)
  4 hydras
  A great orb of eyes (D:15)
  4 boulder beetles
  Fannar (Lair:2)
  Erolcha (D:10)
  4 catoblepae
  A vault guard (D:13)
  A ghost crab (Gauntlet)
  A jorogumo (Spider:4)
  6 centaur warriors
  A death knight (D:14)
  3 two-headed ogres
  27 dancing weapons
  A tengu warrior (D:15)
  10 death yaks
  3 orc high priests (Orc:2)
  8 death scarabs (Spider:4)
  2 spectral emperor scorpions (Spider:4)
  A thrashing horror (Abyss:2)
  Urug (Orc:1)
  A sun demon (Abyss:4)
  11 deep elf knights
  3 wretched stars (Abyss:4)
  13 pharaoh ants
  A glowing orange brain (Abyss:4)
  A fire crab (D:13)
  3 sixfirhies (Gauntlet)
  5 skeletal warriors
  A sun moth (Spider:1)
  Lodul (D:12)
  8 steelbarb worms
  7 orb spiders
  A wizard (D:14)
  8 deep elf archers
  3 spriggan simulacra (D:14)
  7 spectral wolf spiders
  16 deep elf zephyrmancers
  4 orc knights
  7 wolf spider zombies
  6 orc sorcerers
  A broodmother zombie (Spider:4)
  21 wolf spiders
  4 cyclopes
  28 deep elf pyromancers
  A worldbinder (Abyss:4)
  24 ugly things
  5 elephants (Lair:4)
  5 manticores
  3 moths of wrath
  5 black mambas
  A smoke demon (Abyss:4)
  11 cane toads
  8 torpor snails
  Maggie (D:6)
  4 rime drakes
  2 unseen horrors
  3 spectral redbacks (Spider:4)
  A naga skeleton (Abyss:2)
  4 kobold demonologists (D:11)
  15 komodo dragons
  14 demonic crawlers
  A tormentor (Abyss:4)
  4 efreet
  3 freezing wraiths
  A tengu conjurer (D:12)
  3 redback zombies (Spider:4)
  A queen bee (shapeshifter) (Elf:1)
  5 trolls
  Prince Ribbit (D:9)
  A meliai (shapeshifter) (D:13)
  9 meliai
  A queen bee (Spider:4)
  A spectral culicivora (Spider:4)
  2 spectral jumping spiders (Spider:4)
  A polar bear (Lair:4)
  2 jumping spider zombies (Spider:4)
  24 tarantellas
  17 blink frogs
  A dream sheep (shapeshifter) (Abyss:4)
  2 tarantella zombies (Spider:4)
  2 wolf spider simulacra (Spider:1)
  A hornet (shapeshifter) (D:15)
  4 slime creatures (D:15)
  5 dream sheep (Lair:4)
  A culicivora zombie (Spider:4)
  29 jumping spiders
  4 raiju (Abyss:4)
  A snapping turtle (Lair:3)
  2 shadows
  2 vampires
  A yak (shapeshifter) (Elf:1)
  2 air elementals (Elf:3)
  A ynoxinul (Abyss:2)
  3 fire elementals
  63 yaks
  32 culicivoras
  2 wraiths (D:12)
  4 water elementals
  5 wyverns
  4 large abominations (Abyss:4)
  A neqoxec (Abyss:2)
  6 basilisks
  Eustachio (D:5)
  50 redbacks
  A chaos spawn (Abyss:4)
  2 steam dragons
  3 minotaur simulacra (D:14)
  Menkaure (D:5)
  6 vampire mosquitoes
  Edmund (D:6)
  2 wargs (Orc:1)
  2 acid dragons
  A small abomination (Abyss:4)
  16 water moccasins
  6 hell hounds
  34 orc warriors
  An ice beast (D:8)
  6 sky beasts
  2 black bears (D:6)
  5 centaurs
  11 ogres
  A wolf (D:10)
  2 phantoms (D:6)
  3 kobold brigands
  An earth elemental (Elf:2)
  3 necrophages
  6 bullfrogs
  2 deep troll simulacra (D:14)
  A gnoll sergeant (D:7)
  10 scorpions
  21 wights
  19 killer bees
  3 electric eels
  A howler monkey (D:5)
  2 jellies (D:6)
  An iron imp (Abyss:2)
  6 hounds
  30 orc priests
  2 gnoll boudas
  6 iguanas
  29 orc wizards
  4 hell rats (Lair:3)
  Robin (D:3)
  18 gnolls
  13 adders
  3 shadow imps
  2 white imps (D:7)
  2 ufetubi
  4 worms
  93 orcs
  11 endoplasms
  3 giant cockroaches
  16 goblins
  9 hobgoblins
  A jackal (D:4)
  27 kobolds
  2 quokkas
  5 ball pythons
  4 bats
  3 frilled lizards
  6 rats
1167 creatures vanquished.

Vanquished Creatures (collateral kills)
  A wolf spider (Spider:4)
  A tarantella (Spider:4)
  A jumping spider (Spider:4)
  An orc priest (Orc:2)
4 creatures vanquished.

Vanquished Creatures (others)
  3 deep elf knights
  3 deep elf zephyrmancers
  2 deep elf pyromancers (Elf:2)
  2 centaur simulacra (D:14)
  2 jumping spiders (Spider:4)
  An air elemental (Elf:2)
  2 orc warriors (Orc:2)
  2 orc wizards (Orc:2)
  2 orcs
  14 fungi
  A lurking horror (Abyss:4)
  27 plants
61 creatures vanquished.

Grand Total: 1232 creatures vanquished

Notes
Turn   | Place    | Note
-------+----------+-------------------------------------------
     0 | D:1      | Kazon the Demonspawn Gladiator began the quest for the Orb.
     0 | D:1      | Reached XP level 1. HP: 16/16 MP: 1/1
    32 | D:1      | Identified a scroll of acquirement
    32 | D:1      | Acquired the +1 cloak of Magh {+Blink Regen+ Dex-3 SInv}
   170 | D:1      | Gained mutation: You are partially covered in sharp spines.
                  | [demonic ancestry]
   170 | D:1      | Reached XP level 2. HP: 22/22 MP: 2/2
   815 | D:2      | Gained mutation: You regenerate a little health from kills.
                  | [demonic ancestry]
   815 | D:2      | Reached XP level 3. HP: 27/27 MP: 3/3
  1096 | D:2      | Reached skill level 1 in Evocations
  1096 | D:2      | Reached XP level 4. HP: 26/33 MP: 4/4
  1278 | D:3      | Found Umat's Antique Weapon Boutique.
  1305 | D:3      | Bought a crude falchion for 184 gold pieces
  1305 | D:3      | Identified the +3 falchion of Winter {venom, rCorr} (You
                  | bought it in a shop on level 3 of the Dungeon)
  1480 | D:3      | Reached skill level 1 in Armour
  1543 | D:3      | Reached XP level 5. HP: 39/39 MP: 5/5
  1559 | D:3      | Noticed Robin
  1571 | D:3      | Killed Robin
  1707 | D:3      | Reached skill level 5 in Long Blades
  1707 | D:3      | Reached skill level 4 in Invocations
  1707 | D:3      | Reached XP level 6. HP: 49/49 MP: 5/9
  2338 | D:4      | Reached skill level 5 in Invocations
  2393 | D:4      | Gained mutation: You have sharp fingernails. [demonic
                  | ancestry]
  2393 | D:4      | Reached XP level 7. HP: 50/55 MP: 10/10
  2566 | D:4      | Found a hazy altar of Hepliaklqana.
  2712 | D:5      | Entered Level 5 of the Dungeon
  2760 | D:5      | Noticed Eustachio
  2769 | D:5      | Killed Eustachio
  2830 | D:5      | Gained mutation: You have very sharp fingernails. [demonic
                  | ancestry]
  2830 | D:5      | Reached XP level 8. HP: 61/61 MP: 12/12
  2945 | D:5      | Noticed Menkaure
  2952 | D:5      | Killed Menkaure
  3081 | D:5      | Reached skill level 5 in Fighting
  3626 | D:7      | Found a staircase to the Ecumenical Temple.
  3635 | Temple   | Entered the Ecumenical Temple
  3642 | Temple   | Became a worshipper of Warmaster Okawaru
  3674 | D:7      | Found a hide-covered altar of Uskayaw.
  3763 | D:6      | Reached skill level 5 in Dodging
  3786 | D:6      | Gained mutation: You are mostly covered in sharp spines.
                  | [demonic ancestry]
  3786 | D:6      | Reached XP level 9. HP: 68/68 MP: 13/13
  3796 | D:6      | Reached skill level 6 in Invocations
  3816 | D:6      | Reached * piety under Okawaru
  3817 | D:6      | Reached skill level 5 in Evocations
  3853 | D:6      | Noticed Edmund
  3899 | D:6      | Killed Edmund
  4038 | D:6      | Reached ** piety under Okawaru
  4304 | D:6      | Noticed Maggie
  4323 | D:6      | Killed Maggie
  4323 | D:6      | Reached *** piety under Okawaru
  4572 | D:7      | Gained mutation: You are partially covered in yellow
                  | scales. (AC +2) [demonic ancestry]
  4572 | D:7      | Reached XP level 10. HP: 75/75 MP: 14/14
  4722 | D:7      | Received a gift from Okawaru
  5087 | D:8      | Found Quzidd's Magic Scroll Emporium.
  5111 | D:8      | Bought a scroll of teleportation for 42 gold pieces
  5354 | D:8      | Found Heidghoki's Jewellery Shop.
  5519 | D:8      | Found Esumer's Weapon Shop.
  5778 | D:8      | Found Zoxtaeshakh's Jewellery Boutique.
  5966 | D:9      | Reached skill level 7 in Invocations
  6070 | D:9      | Noticed Prince Ribbit
  6090 | D:9      | Reached **** piety under Okawaru
  6106 | D:9      | Killed Prince Ribbit
  6326 | D:9      | Noticed a two-headed ogre
  6341 | D:9      | Killed a two-headed ogre
  6553 | D:10     | Entered Level 10 of the Dungeon
  6642 | D:10     | Found a staircase to the Lair.
  6649 | D:10     | Reached skill level 5 in Stealth
  6665 | D:10     | Reached skill level 8 in Invocations
  6665 | D:10     | Gained mutation: You are mostly covered in yellow scales.
                  | (AC +3) [demonic ancestry]
  6665 | D:10     | Reached XP level 11. HP: 70/81 MP: 15/17
  6692 | D:10     | Noticed Erolcha
  6706 | D:10     | Killed Erolcha
  6706 | D:10     | Reached ***** piety under Okawaru
  6706 | D:10     | Received a gift from Okawaru
  6728 | D:10     | Identified the +5 long sword of the Land of Plenty {drain,
                  | Dex+3}
  6733 | D:10     | Found Juagoaq's Book Shoppe.
  7123 | D:10     | Reached skill level 5 in Throwing
  7343 | D:10     | Reached skill level 9 in Invocations
  7625 | D:11     | Noticed a green ugly thing
  7640 | D:11     | Killed a green ugly thing
  7695 | D:11     | Identified the +0 kite shield "Qibbam" {Will+} (Okawaru
                  | gifted it to you on level 11 of the Dungeon)
  7695 | D:11     | Received a gift from Okawaru
  7774 | D:11     | Noticed a soul eater
  7791 | D:11     | Noticed a sixfirhy
  8577 | D:12     | Noticed Nessos
  8583 | D:12     | Noticed Lodul
  8588 | D:12     | Noticed Rupert
  8593 | D:11     | Reached XP level 12. HP: 84/91 MP: 19/19
  8655 | D:12     | Killed Lodul
  8656 | D:12     | Reached skill level 5 in Shields
  8814 | Arena    | Entered the Arena
  9039 | D:8      | Bought the amulet "Odemouw" {Contam rPois rF+++ Regen+
                  | Stlth+} for 734 gold pieces
  9110 | Lair:1   | Entered Level 1 of the Lair of Beasts
  9242 | Lair:1   | Reached skill level 10 in Invocations
  9301 | Lair:1   | Found the +2 Maxwell's thermic engine {flame, freeze}
  9379 | Lair:1   | Identified the +0 troll leather armour "Wobboah" {-Cast
                  | rElec rF+ rC++ Regen+} (Okawaru gifted it to you on level 1
                  | of the Lair of Beasts)
  9379 | Lair:1   | Received a gift from Okawaru
  9899 | Lair:2   | Noticed Fannar
  9904 | Lair:2   | Noticed a catoblepas
  9914 | Lair:2   | Killed Fannar
  9921 | Lair:2   | Killed a catoblepas
 10646 | Lair:3   | Found a staircase to the Shoals.
 10873 | Lair:3   | Found an ancient bone altar of Kikubaaqudgha.
 10881 | Lair:3   | Reached XP level 13. HP: 98/98 MP: 21/21
 10905 | Lair:3   | Reached skill level 10 in Long Blades
 11013 | Lair:3   | Found a hole to the Spider Nest.
 11129 | Lair:3   | Reached skill level 11 in Invocations
 11156 | Lair:3   | Received a gift from Okawaru
 11458 | Lair:4   | Reached ****** piety under Okawaru
 11458 | Lair:4   | Identified the +1 hat "Vomyel" {Fly rN+ Int+2} (Okawaru
                  | gifted it to you on level 4 of the Lair of Beasts)
 11458 | Lair:4   | Received a gift from Okawaru
 11624 | Lair:4   | Found a staircase to the Slime Pits.
 11624 | Lair:4   | Found a viscous altar of Jiyva.
 11762 | Lair:4   | Identified the +3 battleaxe "Adididghufym" {antimagic, rF+
                  | Will+}
 12080 | Lair:5   | Entered Level 5 of the Lair of Beasts
 13131 | Lair:5   | Reached skill level 12 in Invocations
 13176 | Lair:5   | Gained mutation: You regenerate health from kills. [demonic
                  | ancestry]
 13176 | Lair:5   | Reached XP level 14. HP: 106/106 MP: 23/23
 13191 | Lair:5   | Received a gift from Okawaru
 13231 | Lair:5   | Reached skill level 5 in Armour
 13237 | Lair:5   | Received a gift from Okawaru
 13769 | D:12     | Killed Nessos
 13769 | D:12     | Received a gift from Okawaru
 13807 | D:12     | Found a staircase to the Orcish Mines.
 13832 | D:12     | Killed Rupert
 13942 | D:12     | You are sucked into a shaft and drop 3 floors!
 13942 | D:15     | Entered Level 15 of the Dungeon
 14029 | D:14     | Noticed Snorg
 14045 | D:14     | Killed Snorg
 14046 | D:14     | Reached skill level 10 in Evocations
 14109 | D:14     | Found a frozen archway.
 14222 | D:14     | Found a runed translucent gate.
 14222 | D:14     | Found a runed translucent gate.
 14226 | D:14     | Found a runed translucent gate.
 14228 | D:14     | Noticed Foerhozi's ghost (journeyman DgAr)
 14309 | D:14     | Received a gift from Okawaru
 14310 | D:14     | Noticed a sphinx
 14310 | D:14     | a sphinx changed into a death yak
 14315 | D:14     | Noticed a fire giant
 14315 | D:14     | a dire elephant changed into a fire giant
 14322 | D:14     | Noticed a fire giant
 14841 | Spider:1 | Entered Level 1 of the Spider Nest
 15136 | Spider:1 | Acquired a manual of Invocations
 15204 | Spider:1 | Reached skill level 13 in Invocations
 15227 | Spider:1 | Received a gift from Okawaru
 15232 | Spider:1 | Noticed a ghost moth
 15254 | Spider:1 | Killed a ghost moth
 15510 | Spider:1 | Noticed a broodmother
 15537 | Spider:1 | Killed a broodmother
 15538 | Spider:1 | Reached XP level 15. HP: 17/115 MP: 22/25
 15591 | Spider:1 | Noticed an emperor scorpion
 15610 | Spider:1 | Killed an emperor scorpion
 15669 | Spider:1 | Reached skill level 10 in Fighting
 16131 | Spider:1 | Reached skill level 14 in Invocations
 16139 | Spider:1 | Received a gift from Okawaru
 16167 | Spider:1 | Identified the +0 pair of gloves "Jeubie" {-Tele rCorr
                  | Str+4} (Okawaru gifted it to you on level 1 of the Spider
                  | Nest)
 16167 | Spider:1 | Received a gift from Okawaru
 16653 | Spider:2 | Noticed an emperor scorpion
 16662 | Spider:2 | Killed an emperor scorpion
 17492 | Orc:1    | Entered Level 1 of the Orcish Mines
 17512 | Orc:1    | Noticed Urug
 17520 | Orc:1    | Killed Urug
 18020 | D:13     | Noticed Azrael
 18043 | D:13     | Killed Azrael
 18044 | D:13     | Reached skill level 15 in Invocations
 18133 | D:13     | Found Ituota Roil's Distillery.
 18136 | D:13     | Bought a potion of curing for 57 gold pieces
 18544 | D:13     | Found a gate to the Vaults.
 18554 | D:13     | Received a gift from Okawaru
 18636 | D:13     | Received a gift from Okawaru
 18943 | D:14     | Identified the +1 hat of the Cobbler {Harm rF+ rN+}
                  | (Okawaru gifted it to you on level 14 of the Dungeon)
 18943 | D:14     | Received a gift from Okawaru
 19041 | D:14     | Identified the +6 scale mail "Voetobuo" {Int-3 Dex+8}
 19056 | D:14     | Reached XP level 16. HP: 126/126 MP: 27/27
 19483 | D:15     | Reached skill level 16 in Invocations
 19511 | D:15     | Identified Roxanne's Parchment of Spelunking
 19511 | D:15     | Noticed Roxanne
 19596 | D:15     | Killed Roxanne
 20098 | D:15     | Found a staircase to the Depths.
 20261 | Orc:2    | Entered Level 2 of the Orcish Mines
 20292 | Orc:2    | Found a staircase to the Elven Halls.
 20336 | Orc:2    | Noticed Donald
 20359 | Orc:1    | Killed Donald
 20637 | Orc:2    | Found a gate leading to a gauntlet.
 20649 | Gauntlet | Entered a Gauntlet
 20649 | Gauntlet | Found a transporter.
 20652 | Gauntlet | Found a runed translucent door.
 20652 | Gauntlet | Found a transporter.
 20655 | Gauntlet | Found a transporter.
 20657 | Gauntlet | Found a transporter.
 20662 | Gauntlet | Found a runed translucent door.
 20667 | Gauntlet | Found a transporter.
 20667 | Gauntlet | Found a transporter.
 20668 | Gauntlet | Found a transporter.
 20668 | Gauntlet | Found the +12 glaive of Prune {vorpal}
 20669 | Gauntlet | Found a transporter.
 20687 | Gauntlet | Found a runed translucent door.
 20698 | Gauntlet | Found a transporter.
 20715 | Gauntlet | Found a transporter.
 20719 | Gauntlet | Found a transporter.
 20731 | Gauntlet | Found a transporter.
 20781 | Gauntlet | Identified the +11 long sword of the Salmon {flame, Int+4}
                  | (Okawaru gifted it to you in a Gauntlet)
 20781 | Gauntlet | Received a gift from Okawaru
 20782 | Gauntlet | Reached skill level 17 in Invocations
 20791 | Gauntlet | Identified the ring "Rutul" {Wiz rF+ Int+5}
 20815 | Gauntlet | Identified the amulet of Otuet {Acrobat Str+6}
 21130 | Orc:2    | Noticed Tang's ghost (journeyman PaFi)
 21135 | Orc:2    | Found a runed translucent door.
 21403 | Orc:2    | Found Leshref's General Store.
 21404 | Orc:2    | Found Geemeife's Jewellery Shoppe.
 21405 | Orc:2    | Found Pisuawn's Antique Armour Emporium.
 21405 | Orc:2    | Found Luduu's Antique Weapon Emporium.
 21421 | Orc:2    | Bought a potion of heal wounds for 60 gold pieces
 21552 | Elf:1    | Entered Level 1 of the Elven Halls
 21899 | Elf:1    | Noticed Agnes
 21912 | Elf:1    | Killed Agnes
 22076 | Elf:1    | Noticed an Ice Fiend
 22078 | Elf:1    | Noticed a Hell Sentinel
 22156 | Elf:1    | Received a gift from Okawaru
 22320 | Elf:2    | Found Hiosedoa's Distillery.
 22320 | Elf:2    | Found Zoshugie's Magic Scroll Shoppe.
 22329 | Elf:2    | Identified the +0 cloak of Time Monsters {-Cast rC++}
                  | (Okawaru gifted it to you on level 2 of the Elven Halls)
 22329 | Elf:2    | Received a gift from Okawaru
 22330 | Elf:2    | Found Uddis's Antique Armour Shoppe.
 22337 | Elf:2    | Found Wuev's Magic Scroll Emporium.
 22609 | Spider:2 | Reached XP level 17. HP: 124/133 MP: 25/29
 22993 | Spider:3 | Reached skill level 18 in Invocations
 23775 | Spider:4 | Entered Level 4 of the Spider Nest
 23802 | Spider:4 | Noticed Mara
 24027 | Spider:4 | Noticed Kazon's illusion
 24124 | Spider:4 | Noticed Kazon's illusion
 24424 | Spider:4 | Received a gift from Okawaru
 24461 | Spider:4 | Reached skill level 10 in Dodging
 24518 | Spider:4 | Received a gift from Okawaru
 24708 | Spider:4 | Reached skill level 19 in Invocations
 24960 | Spider:4 | Noticed Kazon's illusion
 24969 | Spider:4 | Killed Mara
 25117 | Spider:4 | Received a gift from Okawaru
 25644 | Orc:2    | Killed Tang's ghost
 25860 | Spider:4 | Gained mutation: You are completely covered in yellow
                  | scales. (AC +4, rCorr) [demonic ancestry]
 25860 | Spider:4 | Reached XP level 18. HP: 135/144 MP: 31/31
 25966 | Spider:4 | Identified the +3 double sword of Defence {drain, rElec
                  | Int+4} (Okawaru gifted it to you on level 4 of the Spider
                  | Nest)
 25966 | Spider:4 | Received a gift from Okawaru
 25967 | Spider:4 | Reached skill level 10 in Shields
 26032 | Spider:4 | Got a gossamer rune of Zot
 26571 | Elf:1    | Found an ancient bone altar of Kikubaaqudgha.
 26591 | Elf:2    | Found a transporter.
 26597 | Elf:2    | Noticed hilljack's ghost (adept MiFi)
 26653 | Elf:2    | Found a transporter.
 27087 | Elf:2    | Found a huge runed translucent gate.
 27096 | Elf:2    | Reached skill level 15 in Evocations
 27097 | Elf:2    | Found a huge runed translucent gate.
 27098 | Elf:2    | Found a huge runed translucent gate.
 27099 | Elf:2    | Found a huge runed translucent gate.
 27099 | Elf:2    | Found a huge runed translucent gate.
 27140 | Elf:2    | Reached skill level 20 in Invocations
 27173 | Abyss:2  | Cast into level 2 of the Abyss (+5 trident of distortion)
 27214 | Abyss:2  | Received a gift from Okawaru
 27276 | Abyss:2  | Found a corrupted altar of Lugonu.
 27277 | Abyss:2  | Gained mutation: [You occasionally lose the ability to
                  | drink potions when taking damage.] [a neqoxec]
 27279 | Abyss:2  | Gained mutation: You occasionally lose the ability to read
                  | scrolls when taking damage. [a neqoxec]
 27281 | Abyss:2  | Gained mutation: You are occasionally teleported next to
                  | monsters. [a neqoxec]
 27292 | Elf:2    | Escaped the Abyss
 27341 | Elf:2    | Noticed Nikola
 27359 | Arena    | Entered the Arena
 27410 | Elf:2    | Killed Nikola
 27850 | Elf:3    | Entered Level 3 of the Elven Halls
 27940 | Elf:3    | Paralysed by an air elemental for 1 turns
 27980 | Elf:3    | Paralysed by an air elemental for 1 turns
 28047 | Elf:3    | Noticed Asterion
 28069 | Elf:3    | Killed Asterion
 28185 | Elf:3    | Noticed Louise
 28192 | Abyss:2  | Cast into level 2 of the Abyss (Louise)
 28210 | Abyss:4  | Identified the +2 scale mail of Untold Secrets {Int+4}
                  | (Okawaru gifted it to you on level 4 of the Abyss)
 28210 | Abyss:4  | Received a gift from Okawaru
 28344 | Abyss:4  | Noticed a profane servitor
 28369 | Abyss:4  | HP: 2/117 [profane servitor/+3 demon whip of freezing (8)]
 28371 | Abyss:4  | Slain by a profane servitor

Illustrated notes

Levels and vault maps discovered:
D:1:      dpeg_arrival_three_smaller_balls, layout_basic
D:2:      layout_loops_ring
D:3:      layout_basic, serial_shops, nicolae_shop_stone, st_stairs_9,
          minmay_misc_feat_doors, eino_curves_03, uniq_robin
D:4:      minmay_wonky_spiral, layout_basic,
          mainiacjoe_overflow_surrounded_room, minivault_5
D:5:      layout_cave_pods, uniq_menkaure, uniq_eustachio
D:6:      cheibrodos_barr_body, layout_basic, minmay_crystal_room,
          minmay_pentangle, uniq_maggie, uniq_edmund
D:7:      layout_cave_pools, nicolae_uskayaw_murder_on_the_dancefloor,
          elyvilon_altar_4, minmay_temple_entry_purple_smoke
D:8:      layout_basic, serial_shops, shop_statue, kennysheep_little_box, shop,
          nicolae_shop_window_shopping
D:9:      layout_cave_pools, uniq_prince_ribbit1
D:10:     layout_stronghold, erik_lair_island, serial_shops,
          nicolae_shop_statue_plus, uniq_erolcha
D:11:     layout_roguey
D:12:     layout_loops_ring, orc_0_dummy, chequers_serial_rivers_marsh,
          uniq_lodul, uniq_nessos, uniq_rupert
D:13:     layout_gridville, david_vaults_5, serial_shops,
          nicolae_shop_behind_doors, minmay_fractal_squares_gapless_5,
          uniq_azrael
D:14:     layout_roguey, minmay_misc_feat_secret_circle, gammafunk_ghost_split,
          portal_ice_cave_entry_ice_simulacra, uniq_snorg
D:15:     hangedman_depths_entry_try_elsewhere_first, layout_loops_corners,
          uniq_roxanne
Temple:   nicolae_temple_bog_church
Lair:1:   layout_long_grid, fungi_pond_lemuel, cheibrodos_lair_reptile_den
Lair:2:   layout_gridlike, uniq_fannar
Lair:3:   layout_roguey, minmay_shoals_entry_hut,
          nicolae_spider_entry_non_spiders, basic_altar, serial_bayou_crossing
Lair:4:   layout_gridlike, slime_entry_1, serial_rivers,
          chequers_serial_rivers_room_a, chequers_serial_rivers_micro_c,
          chequers_serial_rivers_room_a, chequers_serial_rivers_micro_e,
          minivault_27, grunt_megastairs_3, infiniplex_staircase_pool_2
Lair:5:   evilmike_catoblepas_cave, layout_long_grid
Spider:1: layout_chambers, nicolae_spider_undead_wolf_pack
Spider:2: layout_cave_pods
Spider:3: layout_spider_delve
Spider:4: floodkiller_spider_rune_tomb, special_room [special_room_bee],
          uniq_mara
Orc:1:    layout_caves, basic_altar, uniq_urug
Orc:2:    st_orc_congregation, layout_caves, gauntlet_entry_generic,
          hellmonk_ghost_happy_afterlife, uniq_donald
Elf:1:    layout_gridlike, minmay_elf_demonology, lemuel_upstairs_altar,
          uniq_agnes
Elf:2:    elven_hall_of_blades_hangedman_alternative
          [nicolae_blade_entry_diamond_columns], layout_geoelf_diagonals,
          gammafunk_ghost_arena, minmay_shoptagon, uniq_nikola
Elf:3:    elf_hall_gauntlet_narrow, layout_gridlike, serial_shops,
          nicolae_shop_overgrown_old_shop, nicolae_shop_advertising_works
          [nicolae_subvault_shop_adworks], uniq_louise, uniq_asterion
Abyss:4:  base:
IceCv

Skill      XL: |  1  2  3  4  5  6  7  8  9 10 11 12 13 14 15 16 17 18 |
---------------+-------------------------------------------------------+-----
Dodging        | 3 4 5 6 7 8 9 10 | 10.8
Long Blades    | 3 5 6 7 9 11 12 13 14 | 14.5
Throwing       | 2 4 5 6 7 8 9 |  9.1
Evocations     | 1 4 5 6 7 8 9 10 11 12 14 15 | 15.8
Armour         | 1 3 4 5 |  5.7
Fighting       | 4 5 6 7 8 9 11 12 13 14 | 14.3
Short Blades   | 3 |  3.9
Stealth        | 3 4 5 6 7 8 |  8.0
Shields        | 3 4 6 7 8 9 10 | 10.3
Invocations    | 4 5 6 8 9 10 12 13 15 17 19 20 | 20.7

Action                   |  1- 3 |  4- 6 |  7- 9 | 10-12 | 13-15 | 16-18 || total
-------------------------+-------+-------+-------+-------+-------+-------++-------
Melee: Long sword        |    61 |       |       |    55 |       |   922 ||  1038
       Dagger            |    13 |     9 |     3 |    86 |    80 |    35 ||   226
       Falchion          |       |    73 |   248 |   506 |   340 |       ||  1167
       Punch             |       |     1 |       |       |       |       ||     1
       Double sword      |       |       |       |    68 |   646 |   512 ||  1226
       Rapier            |       |       |       |       |       |     6 ||     6
Throw: Stone             |     9 |    20 |    32 |    61 |     2 |       ||   124
       Boomerang         |       |       |       |    22 |    82 |   158 ||   262
       Dart              |       |       |       |    41 |    85 |   170 ||   296
       Javelin           |       |       |       |       |     6 |    26 ||    32
       Throwing net      |       |       |       |       |     3 |     3 ||     6
Invok: Heroism           |       |       |       |     8 |    11 |    15 ||    34
       Finesse           |       |       |       |     1 |     1 |     2 ||     4
       Duel              |       |       |       |     1 |       |     1 ||     2
Evoke: Wand              |       |       |     3 |     7 |    33 |    13 ||    56
       Lightning rod     |       |       |       |       |       |     8 ||     8
       Tin of tremorston |       |       |       |       |       |     1 ||     1
       Condenser vane    |       |       |       |       |       |     1 ||     1
  Use: Scroll            |     1 |       |     3 |     6 |    17 |     2 ||    29
       Potion            |       |     1 |     2 |     2 |       |     1 ||     6
 Stab: Sleeping          |       |     1 |     5 |    14 |    17 |    20 ||    57
       Paralysed         |       |       |       |     8 |     9 |     3 ||    20
       Petrifying        |       |       |       |     1 |       |       ||     1
       Petrified         |       |       |       |     1 |       |       ||     1
       Held in net/web   |       |       |       |       |     1 |     3 ||     4
       Distracted        |       |       |       |       |     2 |     6 ||     8
Armor: Leather armour    |    22 |    18 |    62 |    67 |       |       ||   169
       Troll leather arm |       |       |       |    75 |   336 |   478 ||   889
Dodge: Dodged            |    48 |    37 |   135 |   313 |   596 |   792 ||  1921
Block: Buckler           |       |       |    45 |    49 |       |       ||    94
       Kite shield       |       |       |       |   134 |   590 |   868 ||  1592
       Reflection        |       |       |       |       |       |    19 ||    19
